 Dungeon Crawl Stone Soup version 0.30-a0-737-gf23d94013f (webtiles) character file.

Game seed: 14765750825735846843

165 jimonade the Magician (level 5, -1/36 HPs)
             Began as a Djinni Hedge Wizard on Feb 3, 2023.
             Slain by an ice beast (5 damage)
             ... on level 6 of the Dungeon.
             The game lasted 00:06:52 (2861 turns).

jimonade the Magician (Djinni Hedge Wizard)         Turns: 2861, Time: 00:06:52

Health: -1/36      AC: 10    Str: 14    XL:     5   Next: 74%
Gold:   101        EV:  3    Int: 15    God:
                   SH:  0    Dex:  9

rFire   + + +      SeeInvis .    u - +11 war axe "Tugar" {elec, rElec Str+3 Dex-4}
rCold   . . .      Faith    .    (no shield)
rNeg    + + .      Spirit   .    l - +0 plate armour
rPois   ∞          Reflect  .    c - +0 hat
rElec   +          Harm     .    z - scarf {rC+ rF+}
rCorr   .          Rampage  .    (no gloves)
Will    .....                    (boots unavailable) Stlth
                                 (no amulet)
HPRegen 0.26/turn                f - ring of positive energy
MPRegen 0.00/turn                j - ring of positive energy

@: flying
A: sickness immunity, fire resistance 2, cold vulnerability 1, float, innate
caster, HP casting, extra vitality 1
a: no special abilities


You were on level 6 of the Dungeon.
You visited 1 branch of the dungeon, and saw 6 of its levels.

You collected 101 gold pieces.

Inventory:

Hand Weapons
 a - the +7 mace "Nuntooq" {heavy, rF+}
   (You found it on level 3 of the Dungeon)

   rF:        It protects you from fire.
 s - a +0 dagger
 u - the +11 war axe "Tugar" (weapon) {elec, rElec Str+3 Dex-4}
   (You found it on level 3 of the Dungeon)

   Str:       It affects your strength (+3).
   Dex:       It affects your dexterity (-4).
   rElec:     It insulates you from electricity.
 y - a +0 sling
Missiles
 n - 15 poisoned darts
Armour
 b - a +0 robe
 c - a +0 hat (worn)
 k - a +0 ring mail
 l - a +0 plate armour (worn)
 z - a scarf of resistance (worn)
Jewellery
 f - a ring of positive energy (left hand)
 j - a ring of positive energy (right hand)
Scrolls
 g - 2 scrolls of fog {unknown}
 h - 4 scrolls of identify {unknown}
 o - 3 scrolls of poison {unknown}
 q - 2 scrolls of enchant armour {unknown}
 r - a scroll of amnesia {unknown}
 x - a scroll of magic mapping {unknown}
Potions
 d - a potion of magic
 e - a potion of ambrosia {unknown}
 i - a potion of mutation {unknown}
 m - a potion of heal wounds {unknown}
 p - 2 potions of flight {unknown}
 t - a potion of degeneration {unknown}
 v - a potion of lignification {unknown}
 w - a potion of invisibility {unknown}


   Skills:
 * Level 0.3 Fighting
 * Level 0.9 Axes
 * Level 0.3 Armour
 - Level 2.3 Dodging
 - Level 1.5 Stealth
 * Level 4.3 Spellcasting


You couldn't memorise any spells.
You knew the following spells:

 Your Spells              Type           Power      Damage    Failure   Level
a - Magic Dart            Conj           64%        1d6       98%         1
b - Slow                  Hex            64%        N/A       98%         1
c - Blink                 Tloc           32%        N/A       99%         2
d - Call Imp              Summ           16%        N/A       99%         2
e - Mephitic Cloud        Conj/Pois/Air  16%        N/A       100%        3
f - Beastly Appendage     Tmut           32%        N/A       98%         1
g - Poisonous Vapours     Pois/Air       32%        N/A       99%         2
Your spell library was empty.

Dungeon Overview and Level Annotations

Branches:
Dungeon (7/15)
 Temple: D:4-7

Altars:
Cheibriados
Makhleb

Annotations:
D:6 Prince Ribbit


Innate Abilities, Weirdness & Mutations

You are immune to sickness and miasma.
You are immune to poison.
Your flesh is very heat resistant. (rF++)
You are vulnerable to cold. (rC-)
You float through the air rather than walking.
You learn spells naturally, not from books.
Your magical power is your life essence.
You have superior vitality. (+4 MHP)


Message History

Found a scroll labelled PUP EVYULEIQEO.
There is a stone staircase leading up here.
You fly upwards.
Found a scroll labelled QOFAXAHUES.
There is a stone staircase leading down here.
No target in view!
o - 3 scrolls labelled QOFAXAHUES (gained 1)
Found a quarterstaff.
Prince Ribbit comes into view.
Prince Ribbit gives a loud, deep croak!
Prince Ribbit is nearby!
An orc comes into view. It is wielding a +0 whip.
Prince Ribbit hits you.
You closely miss Prince Ribbit.
The orc shouts!
Prince Ribbit hits you!
A jelly comes into view.
Prince Ribbit blinks!
Prince Ribbit hits you!
You are too injured to fight recklessly!
You are too injured to fight recklessly!
You are too injured to fight recklessly!
You are too injured to fight recklessly!
You are too injured to fight recklessly!
You are too injured to fight recklessly!
You closely miss Prince Ribbit.
The jelly quivers.
Prince Ribbit blinks!
Prince Ribbit hits you!
* * * LOW HITPOINT WARNING * * *
Prince Ribbit attacks as you move away!
Prince Ribbit hits you but does no damage.
Prince Ribbit blinks!
Found a leather armour.
Found a stone staircase leading up.
An ice beast comes into view.
The ice beast moves out of view.
The ice beast hits you but does no damage.
The ice beast hits you.
* * * LOW HITPOINT WARNING * * *
The ice beast freezes you.
You die...

........ ...... .# .
..... .#.# . #...##
.#.#. #.... .... #...#
###..# #...##
#.###....
#....####....Y)###
#...#...#####.@<.#
....#.##..JFo...##.#
###...###.####...[....
.#### ##..##.####....
## ##.#.##.# .##
##..#.##.# #
#........#
#.#.##.##.#### ..##.
#.......#


You could see Prince Ribbit, an ice beast, a jelly and an orc.

Vanquished Creatures
  An orc priest (D:3)
  Jessica (D:2)
  4 adders
  5 worms
  3 dart slugs
  5 orcs (D:3)
  4 ball pythons
  3 endoplasms
  4 giant cockroaches
  4 goblins
  3 hobgoblins (D:2)
  4 quokkas
  3 bats
  A frilled lizard (D:3)
  A kobold (D:1)
  4 rats
50 creatures vanquished.

Vanquished Creatures (others)
  2 plants (D:3)
2 creatures vanquished.

Grand Total: 52 creatures vanquished

Notes
Turn   | Place    | Note
-------+----------+-------------------------------------------
     0 | D:1      | jimonade the Djinni Hedge Wizard began the quest for the
                  | Orb.
     0 | D:1      | jimonade set off with the following spells memorised: Magic
                  | Dart, Slow, Blink, Call Imp, Mephitic Cloud.
     0 | D:1      | Reached XP level 1. HP: 15/15 MP: 0/0
   152 | D:1      | Reached XP level 2. HP: 6/21 MP: 0/0
   521 | D:1      | Reached skill level 3 in Spellcasting
  1001 | D:2      | Noticed Jessica
  1005 | D:2      | Killed Jessica
  1006 | D:2      | Reached XP level 3. HP: 17/25 MP: 0/0
  1006 | D:2      | Learned a level 1 spell: Beastly Appendage
  1120 | D:2      | Reached XP level 4. HP: 27/31 MP: 0/0
  1547 | D:2      | Reached skill level 4 in Spellcasting
  1749 | D:3      | Reached XP level 5. HP: 22/35 MP: 0/0
  1749 | D:3      | Learned a level 2 spell: Poisonous Vapours
  1916 | D:3      | Identified the +7 mace "Nuntooq" {heavy, rF+}
  2012 | D:3      | Identified the +11 war axe "Tugar" {elec, rElec Str+3
                  | Dex-4}
  2192 | D:3      | Found a snail-covered altar of Cheibriados.
  2402 | D:3      | Found a burning altar of Makhleb.
  2798 | D:4      | You are sucked into a shaft and drop 3 floors!
  2844 | D:6      | Noticed Prince Ribbit
  2858 | D:6      | Noticed an ice beast
  2861 | D:6      | Slain by an ice beast

Illustrated notes

Levels and vault maps discovered:
D:1:      minmay_arrival_diagonal_passages, layout_basic
D:2:      layout_basic, basic_altar, nicolae_wormholes, uniq_jessica
D:3:      layout_loops_corners, lightli_temple_of_fire, slow_altar_2,
          serial_bayou_crossing
D:4:      layout_basic, minmay_temple_entry_junction, minmay_shop_damaged,
          nicolae_shop_self_help
D:6:      layout_loops_cross, hangedman_decor_opposing, uniq_crazy_yiuf_cottage,
          uniq_maggie, uniq_prince_ribbit1
D:7:      layout_cave_pools

Skill      XL: |  1  2  3  4 |
---------------+-------------+-----
Spellcasting   | 3 4 |  4.3
Fighting       | |  0.3
Axes           | |  0.9
Armour         | |  0.3
Dodging        | |  2.3
Stealth        | |  1.5

Action                     |  1- 3 |  4- 6 || total
---------------------------+-------+-------++-------
  Melee: Dagger            |       |     6 ||     6
         War axe           |       |    33 ||    33
         Mace              |       |     1 ||     1
   Cast: Magic Dart        |    54 |    40 ||    94
         Poisonous Vapours |       |     4 ||     4
 Armour: Robe              |     1 |     1 ||     2
         Plate armour      |       |    15 ||    15
  Dodge: Dodged            |     4 |    20 ||    24

Table legend: (Time is in decaauts)
 A = Elapsed time spent in this place.
 B = Non-inter-level travel time spent in this place.
 C = Inter-level travel time spent in this place.
 D = Time resting spent in this place.
 E = Time spent auto-exploring this place.
 F = Levels seen in this place.
 G = Mean time per level.
                   A        B        C        D        E       F      G
               +--------+--------+--------+--------+--------+-----+--------+
         Total |   2875 |   2760 |    115 |      0 |   2400 |   6 |  479.2 |
       Dungeon |   2875 |   2760 |    115 |      0 |   2400 |   6 |  479.2 |
               +--------+--------+--------+--------+--------+-----+--------+

Top non-repeatable levels by time:
     D:3: 1093 daAuts
     D:1: 977 daAuts
     D:2: 741 daAuts
     D:6: 43 daAuts
     D:7: 19 daAuts
